[Event "Early-Titled-Tuesday-Blitz-April-02-2024"]
[Site "Chess.com"]
[Date "2024.04.02"]
[Round "7"]
[White "slidingknight2775"]
[Black "GalaxyRoman"]
[Result "1-0"]
[WhiteElo "2608"]
[BlackElo "2803"]
[TimeControl "180+1"]
[EndTime "9:16:04 PDT"]
[Termination "slidingknight2775 won on time"]

1. Nf3 Nf6 2. c4 g6 3. b3 Bg7 4. Bb2 O-O 5. e3 c5 6. d4 b6 7. Be2 Bb7 8. O-O d6 9. Nc3 Nbd7 10. d5 a6 11. a4 Ne4 12. Qc2 Nxc3 13. Bxc3 Bxc3 14.
Qxc3 e5 15. dxe6 fxe6 16. Rad1 Nf6 17. Qd3 Ne4 18. Nd2 Nxd2 19. Qxd2 d5 20. cxd5 Qxd5 21.
Qxd5 Bxd5 22. Bc4 Rfd8 23. f3 Kf7 24. Kf2 Ke7 25. Rc1 Bxc4 26. Rxc4 Rd2+ 27. Kg3 Rb2 28. a5 Rxb3 29. axb6 Kd6 30. Rfc1 1-0

[Event "Early-Titled-Tuesday-Blitz-April-02-2024"]
[Site "Chess.com"]
[Date "2024.04.02"]
[Round "7"]
[White "Quattroporte300"]
[Black "HanSchut"]
[Result "1-0"]
[WhiteElo "2506"]
[BlackElo "2266"]
[TimeControl "180+1"]
[EndTime "9:16:04 PDT"]
[Termination "Quattroporte300 won by resignation"]

1. e4 c5 2. Nf3 d6 3. d4 cxd4 4. Nxd4 Nf6 5. Nc3 a6 6. Be3 e5 7. Nb3 Be6 8. Qd2 Be7 9. f3 Nbd7 10. O-O-O O-O 11. g4 b5 12. g5 b4 13. gxf6 bxc3 14. Qxc3 Nxf6 15. Qa5 Bxb3 16. Qxd8 Rfxd8 17. axb3 d5 18. exd5 Nxd5 19. Bd2 a5 20. Bd3 Nb4 21. Bc4 Kf8 22.
Rhe1 Bf6 23. Kb1 h6 24. Bc3 Rxd1+ 25. Rxd1 g5 26. Rd7 Be7 27. Bxe5 Nc6 28. Bc3 a4 29. bxa4 f6 30. b3 h5 31. Be6 Nd8 32. Bf5 Nf7 33.
Bg6 g4 34. Bxh5 gxf3 35. Bxf3 Ng5 36. Bxa8 1-0

[Event "Early-Titled-Tuesday-Blitz-April-02-2024"]
[Site "Chess.com"]
[Date "2024.04.02"]
[Round "7"]
[White "Shield12"]
[Black "BardArtem"]
[Result "1-0"]
[WhiteElo "3030"]
[BlackElo "2849"]
[TimeControl "180+1"]
[EndTime "9:16:06 PDT"]
[Termination "Shield12 won by resignation"]

1. e4 d5 2. exd5 Qxd5 3. Nc3 Qe5+ 4. Be2 Bg4 5. d4 Bxe2 6. Ngxe2 Qa5 7. O-O Nf6 8. b4 Qxb4 9. Rb1 Qc4 10. Rxb7 e6 11. Bf4 Na6 12. Be5 Bb4 13. Bxf6 gxf6 14. Ne4 Qc6 15.
Nxf6+ Ke7 16. Rxb4 Nxb4 17. Nh5 Qxc2 18. Qe1 Nd3 19.
Qa5 Rab8 20. Nc3 Kd7 21. Nf6+ Kc8 22. Nb5 Rb7 23. Nxa7+ Rxa7 24. Qxa7 Qc6 25. Rb1 Nb2 26. h3 Rd8 27. Kh2 Qb5 28. Qa8+ Qb8 29. Qxb8+ Kxb8 30. Rxb2+ 1-0

[Event "Early-Titled-Tuesday-Blitz-April-02-2024"]
[Site "Chess.com"]
[Date "2024.04.02"]
[Round "7"]
[White "MKlose11"]
[Black "SharathRk6"]
[Result "1-0"]
[WhiteElo "2617"]
[BlackElo "2422"]
[TimeControl "180+1"]
[EndTime "9:16:08 PDT"]
[Termination "MKlose11 won by resignation"]

1. e4 e5 2. Nf3 Nc6 3. d4 Nb4 4. Nxe5 Nc6 5. Nxc6 dxc6 6. c3 Be7 7. Bd3 Nf6 8. e5 Nd5 9. O-O O-O 10. Qh5 g6 11.
Qe2 Re8 12. Bh6 Bg5 13. Bxg5 Qxg5 14. g3 Bh3 15. Re1 Rad8 16. Be4 Nb6 17. f4 Qe7 18. Nd2 f5 19. Bf3 c5 20. Nb3 cxd4 21. Nxd4 a6 22. Bxb7 c5 23. Nc6 Qxb7 24. Nxd8 Rxd8 25. Rad1 Re8 26.
Rd6 Nc8 27. Rd2 Nb6 28. b3 c4 29. b4 Rc8 30. Qf2 Nd5 31. Qd4 Ne7 32. Qd7 Qb6+ 33.
Rd4 Rc7 34. Qd8+ Kg7 35. Re3 Nc6 36. Rd7+ Rxd7 37. Qxb6 Ne7 38. Qf6+ 1-0

[Event "Early-Titled-Tuesday-Blitz-April-02-2024"]
[Site "Chess.com"]
[Date "2024.04.02"]
[Round "7"]
[White "vladoboch"]
[Black "ChessQueen"]
[Result "0-1"]
[WhiteElo "2532"]
[BlackElo "2729"]
[TimeControl "180+1"]
[EndTime "9:16:11 PDT"]
[Termination "ChessQueen won by resignation"]

1. e4 c6 2. d4 d5 3. e5 c5 4.
dxc5 e6 5. Nf3 Bxc5 6. a3 f6 7. b4 Be7 8. Bb2 a5 9. b5 Nd7 10. c4 Nxe5 11. Nxe5 fxe5 12. cxd5 Nf6 13. Bxe5 exd5 14. Be2 O-O 15. O-O Be6 16. Nd2 Qb6 17. Nf3 Bc5 18. Bd4 Ne4 19. Rc1 Rac8 20. Bxc5 Rxc5 21.
Qd4 Rfc8 22. Bd3 Bf7 23. Ne5 Qf6 24. Rxc5 Nxc5 25. Rc1 b6 26. Nc6 Rxc6 27. Bxh7+ 0-1

[Event "Early-Titled-Tuesday-Blitz-April-02-2024"]
[Site "Chess.com"]
[Date "2024.04.02"]
[Round "7"]
[White "Chessexplained"]
[Black "GMthekingindian"]
[Result "1-0"]
[WhiteElo "2555"]
[BlackElo "2233"]
[TimeControl "180+1"]
[EndTime "9:16:12 PDT"]
[Termination "Chessexplained won by resignation"]

1. d4 d5 2. Nf3 c6 3. g3 Nf6 4. c4 e6 5. Bg2 Be7 6. O-O O-O 7.
Nc3 Nbd7 8. b3 b6 9. Bb2 Ba6 10. Nd2 c5 11. dxc5 Nxc5 12. cxd5 exd5 13. b4 Nce4 14. Ndxe4 dxe4 15. Nxe4 Nxe4 16. Bxe4 Qxd1 17. Rfxd1 Rad8 18. a3 Bxe2 19. Re1 Bb5 20. Bxh7+ Kxh7 21. Rxe7 Rd2 22. Bc3 Rc2 23. Bd4 a5 24. Bxb6 axb4 25. axb4 Re8 26. Rxe8 Bxe8 27. Bc5 Bc6 28. g4 Kg6 29.
Re1 Rc4 30. h3 f5 31. Re6+ Kg5 32.
Rxc6 fxg4 33. Be7+ 1-0

[Event "Early-Titled-Tuesday-Blitz-April-02-2024"]
[Site "Chess.com"]
[Date "2024.04.02"]
[Round "7"]
[White "MusicCityMaster"]
[Black "Barmen_EV"]
[Result "0-1"]
[WhiteElo "2433"]
[BlackElo "2581"]
[TimeControl "180+1"]
[EndTime "9:16:13 PDT"]
[Termination "Barmen_EV won by resignation"]

1. d4 Nf6 2. c4 g6 3. Nc3 Bg7 4.
e4 d6 5. Nf3 O-O 6. Be2 e5 7.
O-O Nc6 8. d5 Nd4 9. b4 a5 10. Ba3 Nh5 11. g3 f5 12. bxa5 fxe4 13. Nxe4 Nxe2+ 14. Qxe2 Bg4 15. Ned2 Qf6 16. Rab1 Bxf3 17.
Nxf3 Qxf3 18. Qxf3 Rxf3 19. Bb4 Nf6 20. Kg2 Rf5 21.
Bd2 Ne4 22. Be1 b6 23. axb6 cxb6 24. Rxb6 Rxa2 25. Rb8+ Rf8 26. Rxf8+ Bxf8 27. Kf3 Nd2+ 28. Bxd2 Rxd2 29. Ke3 Rc2 30. Kd3 Ra2 31. f4 exf4 32. Rxf4 Rxh2 33. Rf6 Kg7 34. Re6 Kf7 35. Ke3 Rc2 36.
Kd3 Rg2 37. Re3 h5 38. Rf3+ Ke7 39. Re3+ Kd7 40. Ke4 g5 41. Kf5 h4 42. gxh4 gxh4 43. Rh3 Be7 44. Kf4 Rc2 0-1

[Event "Early-Titled-Tuesday-Blitz-April-02-2024"]
[Site "Chess.com"]
[Date "2024.04.02"]
[Round "7"]
[White "MetiForce"]
[Black "FairChess_on_YouTube"]
[Result "1-0"]
[WhiteElo "2899"]
[BlackElo "3065"]
[TimeControl "180+1"]
[EndTime "9:16:15 PDT"]
[Termination "MetiForce won on time"]

1. d4 Nf6 2. c4 e6 3. Nc3 Bb4 4. Qc2 O-O 5. e4 d6 6. e5 dxe5 7. dxe5 Nfd7 8. Nf3 Nc6 9. Bf4 f5 10.
O-O-O Qe7 11. h4 a5 12. h5 Nc5 13. h6 g6 14. Bg5 Qf7 15. Nd5 exd5 16. cxd5 Ne4 17.
Bc4 Kh8 18. e6 Qe8 19. Be3 f4 20. Qxe4 fxe3 21. dxc6 Qe7 22. cxb7 Bxb7 23. Qxb7 exf2 24. Qe4 Rad8 25. Qe5+ Kg8 26. Rd7 1-0

[Event "Early-Titled-Tuesday-Blitz-April-02-2024"]
[Site "Chess.com"]
[Date "2024.04.02"]
[Round "7"]
[White "LeninGuerra"]
[Black "viktorgen2021"]
[Result "1-0"]
[WhiteElo "2728"]
[BlackElo "2506"]
[TimeControl "180+1"]
[EndTime "9:16:17 PDT"]
[Termination "LeninGuerra won by resignation"]

1. e4 g6 2. d4 Bg7 3. Nf3 d6 4. Nc3 Nf6 5. Be2 Nc6 6. O-O O-O 7. h3 e5 8. Be3 Re8 9. d5 Ne7 10.
Qd2 Rf8 11. Bh6 Nh5 12. Nh2 Nf6 13. Bxg7 Kxg7 14. f4 exf4 15. Rxf4 Neg8 16. Raf1 Qe7 17. Nf3 Bd7 18. Nd4 Rae8 19. Bd3 Qe5 20. Nf3 Qe7 21.
Qf2 a6 22. a4 Bc8 23. Nd4 Nd7 24. Nd1 Ne5 25. Ne3 Nxd3 26. cxd3 Qe5 27. Rxf7+ Rxf7 28.
Qxf7+ Kh8 29. Nf3 Qe7 30. Qxe7 Rxe7 31. Nd4 Kg7 32. b4 Nf6 33. b5 axb5 34. axb5 Ne8 35.
Nc4 Rf7 36. Ra1 Kf6 37. Ra8 Bd7 38. b6 cxb6 39. Nxb6 Ng7 40. Rd8 Be8 41. Nc8 Ke5 42. Nf3+ Kf4 43. Kf2 Nh5 44. Nxd6 1-0

[Event "Early-Titled-Tuesday-Blitz-April-02-2024"]
[Site "Chess.com"]
[Date "2024.04.02"]
[Round "7"]
[White "tusplingher"]
[Black "GoValya"]
[Result "1-0"]
[WhiteElo "2491"]
[BlackElo "2228"]
[TimeControl "180+1"]
[EndTime "9:16:20 PDT"]
[Termination "tusplingher won by resignation"]

1. e4 e6 2. d4 d5 3. Nc3 Bb4 4. Ne2 c5 5. exd5 exd5 6. a3 Bxc3+ 7.
Nxc3 Nf6 8. Bg5 O-O 9. Be2 Nc6 10.
dxc5 Be6 11. O-O h6 12. Bxf6 Qxf6 13. Bf3 Rad8 14. Nxd5 Qxb2 15. c4 Nd4 16. Rb1 Nxf3+ 17. Qxf3 Qd4 18. Rxb7 Qxc5 19. Qe3 Qxc4 20. Ne7+ Kh8 21. Rxa7 Rd3 22. Qe2 Rfd8 23. h3 Qc5 24.
Ng6+ Kh7 25. Nf4 Qxa7 26. Nxd3 Bc4 27. Qe4+ g6 28. Qxc4 Qxa3 29. Qxf7+ 1-0

[Event "Early-Titled-Tuesday-Blitz-April-02-2024"]
[Site "Chess.com"]
[Date "2024.04.02"]
[Round "7"]
[White "Andrey_Klymchuk"]
[Black "ploxoi"]
[Result "1-0"]
[WhiteElo "2722"]
[BlackElo "2460"]
[TimeControl "180+1"]
[EndTime "9:16:22 PDT"]
[Termination "Andrey_Klymchuk won by resignation"]

1. e4 c5 2. d4 cxd4 3. Qxd4 Nc6 4. Qd3 Nf6 5. Nc3 a6 6. Nf3 d6 7. Be2 b5 8. a4 b4 9. Nd5 Nd7 10. a5 e6 11. Bg5 Nc5 12. Qe3 f6 13. Bf4 exd5 14. exd5+ Ne5 15. Nd4 Be7 16. Bg3 Kf7 17. f4 Ng4 18. Bxg4 Bxg4 19. f5 Re8 20. O-O Bf8 21. Ne6 Bxf5 22. Nxd8+ Raxd8 23. Qd2 Be4 24. Rae1 b3 25. c4 Bd3 26. Rxe8 Rxe8 27. Re1 Rb8 28. Qc3 g6 29. Bf2 Bc2 30. Bxc5 dxc5 31. Re6 Bf5 32. Rxf6+ Kg8 33. Rxf5 gxf5 34. Qg3+ 1-0

[Event "Early-Titled-Tuesday-Blitz-April-02-2024"]
[Site "Chess.com"]
[Date "2024.04.02"]
[Round "7"]
[White "MathiasWomacka"]
[Black "frequentblunders"]
[Result "1-0"]
[WhiteElo "2475"]
[BlackElo "2218"]
[TimeControl "180+1"]
[EndTime "9:16:23 PDT"]
[Termination "MathiasWomacka won by resignation"]

1. e4 e6 2. d4 c5 3. Nf3 cxd4 4. Nxd4 Nf6 5. Nc3 Nc6 6. Ndb5 d6 7. Bf4 e5 8. Bg5 a6 9. Na3 b5 10. Nd5 Be7 11. Bxf6 Bxf6 12. c3 O-O 13. Nc2 Be6 14.
a4 bxa4 15. Rxa4 a5 16. Bc4 Bg5 17. O-O Kh8 18. Nce3 Bxe3 19. Nxe3 Bxc4 20. Nxc4 Rb8 21. Ra2 Qc7 22. Qxd6 Qxd6 23. Nxd6 g6 24. Rd1 Kg7 25.
Nc4 Rb3 26. Kf1 Rc8 27. Rd2 Nd4 28. Nxa5 1-0

[Event "Early-Titled-Tuesday-Blitz-April-02-2024"]
[Site "Chess.com"]
[Date "2024.04.02"]
[Round "7"]
[White "Balla_Tamas"]
[Black "WilsonPalencia21"]
[Result "1-0"]
[WhiteElo "2479"]
[BlackElo "2574"]
[TimeControl "180+1"]
[EndTime "9:16:25 PDT"]
[Termination "Balla_Tamas won on time"]

1. Nf3 c5 2. b3 Nc6 3. Bb2 e6 4. e3 Nf6 5. c4 b6 6. Be2 Bb7 7. O-O Be7 8. d4 cxd4 9. exd4 O-O 10. d5 exd5 11. cxd5 Nb4 12. d6 Bxd6 13. Qxd6 Nc2 14. Rd1 Re8 15. Bc4 Nxa1 16. Bxa1 Bxf3 17. gxf3 Nh5 18.
Qxd7 Qg5+ 19. Qg4 Qa5 20. Bc3 Qc5 21. b4 Qc6 22. Bd5 Qa4 23. Bb3 Qb5 24. a4 1-0

[Event "Early-Titled-Tuesday-Blitz-April-02-2024"]
[Site "Chess.com"]
[Date "2024.04.02"]
[Round "7"]
[White "Casper"]
[Black "mary-sanna"]
[Result "1-0"]
[WhiteElo "2500"]
[BlackElo "2232"]
[TimeControl "180+1"]
[EndTime "9:16:25 PDT"]
[Termination "Casper won by checkmate"]

1. e4 c5 2. Ne2 Nc6 3. d3 g6 4. g3 Bg7 5. Bg2 e6 6. O-O Nge7 7. Nbc3 O-O 8. f4 d6 9. a4 Rb8 10. g4 f5 11. exf5 exf5 12. g5 a6 13. Nd5 Be6 14. Nec3 Bf7 15. Re1 Re8 16. Nf6+ Bxf6 17. gxf6 Nc8 18.
Nd5 Nd4 19. Be3 Qa5 20. b4 Qd8 21. Bxd4 cxd4 22. a5 Kh8 23. Qf3 Na7 24. Ne7 Nb5 25.
Qh3 Nc7 26. Qh6 Rg8 27. Nxg8 Qxg8 28. Re7 Nd5 29. Bxd5 Bxd5 30. Rg7 Rf8 31. Re1 Rxf6 32. Re8 Rf8 33. Rxf8 Qxf8 34. Qxh7# 1-0

[Event "Early-Titled-Tuesday-Blitz-April-02-2024"]
[Site "Chess.com"]
[Date "2024.04.02"]
[Round "7"]
[White "tk22h"]
[Black "Pragmatist237"]
[Result "1-0"]
[WhiteElo "2403"]
[BlackElo "2237"]
[TimeControl "180+1"]
[EndTime "9:16:25 PDT"]
[Termination "tk22h won by resignation"]

1. c4 e5 2. Nc3 Nf6 3. Nf3 Nc6 4. g3 Bb4 5. Bg2 O-O 6. O-O e4 7. Ng5 Bxc3 8. bxc3 Qe7 9. Qc2 Re8 10. d3 exd3 11. exd3 h6 12. Ne4 d6 13. Be3 Bf5 14. Nxf6+ Qxf6 15.
Rae1 Qg6 16. Qb3 Rab8 17. Bd2 Bxd3 18. Rxe8+ Rxe8 19. Qxb7 Nd8 20. Qxc7 Bxf1 21. Bxf1 Ne6 22. Qxa7 Nc5 23. Be3 Ne4 24. Qd4 Qf6 25. Bd3 Nc5 26. Be2 Qxd4 27. cxd4 Na4 28. c5 dxc5 29. Bb5 Ra8 30.
dxc5 Nc3 31. Bc4 Rc8 32. Kf1 Ne4 33. Ba6 Rc7 34. Bb5 Nxc5 35. Ke2 Ne6 36. Kd3 Ra7 37.
Bxa7 Nc7 38. Bc4 Ne6 39. Bxe6 fxe6 40. Ke4 Kf8 41. Ke5 Kf7 42. Bc5 g5 43. g4 h5 44. gxh5 1-0

[Event "Early-Titled-Tuesday-Blitz-April-02-2024"]
[Site "Chess.com"]
[Date "2024.04.02"]
[Round "7"]
[White "Tol_Tol"]
[Black "shirovin"]
[Result "1-0"]
[WhiteElo "2295"]
[BlackElo "2043"]
[TimeControl "180+1"]
[EndTime "9:16:25 PDT"]
[Termination "Tol_Tol won by checkmate"]

1. d4 Nf6 2. c4 e6 3. Nc3 d5 4. Bg5 Bb4 5. e3 O-O 6. Nf3 Nbd7 7. cxd5 exd5 8. Bd3 h6 9. Bf4 Ne4 10. Qc2 Ndf6 11.
O-O Bxc3 12. bxc3 c6 13. Ne5 Re8 14. f3 Nd6 15. e4 Be6 16. Rae1 Rc8 17. h3 c5 18. Qf2 c4 19. Bb1 Nb5 20. Qb2 Qa5 21. Bd2 Nxd4 22. Qc1 Nb5 23. Bxh6 gxh6 24. Qxh6 Nh7 25. exd5 Bxd5 26. Bxh7+ Kh8 27. Nxf7+ Bxf7 28. Bg6+ Kg8 29. Qh7+ Kf8 30. Qxf7# 1-0

[Event "Early-Titled-Tuesday-Blitz-April-02-2024"]
[Site "Chess.com"]
[Date "2024.04.02"]
[Round "7"]
[White "Zurability"]
[Black "Predo63"]
[Result "1-0"]
[WhiteElo "2693"]
[BlackElo "2529"]
[TimeControl "180+1"]
[EndTime "9:16:26 PDT"]
[Termination "Zurability won by resignation"]

1. e4 c6 2. Nf3 d5 3. d3 Nf6 4.
Nbd2 g6 5. g3 Bg7 6. Bg2 Bg4 7.
O-O O-O 8. h3 Bxf3 9. Qxf3 e6 10. Qe2 Nbd7 11. f4 dxe4 12. dxe4 Qc7 13. e5 Nd5 14. Ne4 Rad8 15. c4 Ne7 16. g4 c5 17.
Be3 b6 18. Bf2 Nb8 19. Bh4 Nbc6 20. Bf6 Rd4 21. Qf2 Rfd8 22. Qh4 Rxe4 23. Bxe4 Rd4 24. Bg2 Rxc4 25. Rad1 Rd4 26. Rxd4 cxd4 27. Rc1 Qd7 28. Qf2 Nd5 29. Bxg7 Kxg7 30. f5 Ndb4 31. fxe6 fxe6 32.
Qf6+ Kg8 33. Rf1 Qe8 34. a3 Nd5 35. Bxd5 exd5 36. e6 d3 37. Rf2 Qe7 38. Qxe7 Nxe7 39. Kf1 Nc6 40. Ke1 Kg7 41. Kd2 g5 42. Kxd3 a5 43. Rf5 h6 44. Rxd5 Kf6 45. Rd6 Ne5+ 46. Kd4 b5 47. e7+ 1-0

[Event "Early-Titled-Tuesday-Blitz-April-02-2024"]
[Site "Chess.com"]
[Date "2024.04.02"]
[Round "7"]
[White "cakeuvdort"]
[Black "Rutricks"]
[Result "0-1"]
[WhiteElo "2376"]
[BlackElo "2713"]
[TimeControl "180+1"]
[EndTime "9:16:27 PDT"]
[Termination "Rutricks won by resignation"]

1. Nf3 g6 2. e3 Bg7 3. d4 d6 4. b3 Nd7 5. Bb2 Ngf6 6. Be2 O-O 7. O-O Re8 8. c4 h5 9. Nc3 e5 10. dxe5 dxe5 11. Qc2 e4 12. Ng5 Qe7 13. Rad1 Nf8 14.
Nb5 a6 15. Ba3 Qe5 16. Bb2 Qxg5 17. Nxc7 Bh3 18. g3 Bxf1 19. Bxf1 Rac8 20. Nxe8 Rxe8 21.
h4 Qf5 22. Bg2 Ng4 23. Rd5 Qe6 24. Bxg7 Kxg7 25. Rd4 Nf6 26. Qc3 Qe5 27. Qd2 Ne6 28. Rd6 Nc5 29. Bh3 Qa1+ 30. Kg2 Nd3 31. Kh2 Ne1 32. Qd1 Nf3+ 33. Kg2 Qxa2 34. Rb6 Qa5 35. Qd6 Qe1 36. Qxf6+ Kg8 0-1

[Event "Early-Titled-Tuesday-Blitz-April-02-2024"]
[Site "Chess.com"]
[Date "2024.04.02"]
[Round "7"]
[White "GolfBeforeChess"]
[Black "Slovineanu"]
[Result "1-0"]
[WhiteElo "2323"]
[BlackElo "2456"]
[TimeControl "180+1"]
[EndTime "9:16:27 PDT"]
[Termination "GolfBeforeChess won by resignation"]

1. Nf3 Nf6 2. c4 e6 3. g3 d5 4. b3 c5 5. cxd5 exd5 6. d4 Nc6 7. Bg2 cxd4 8. Nxd4 Bb4+ 9. Bd2 Qa5 10. Nxc6 bxc6 11.
O-O O-O 12. Bxb4 Qxb4 13. Qc2 Bg4 14. Nc3 Rfe8 15. Rfe1 Rad8 16. e3 c5 17. Na4 c4 18.
Rac1 cxb3 19. Qxb3 Qxb3 20. axb3 Rb8 21. Nc5 Rb5 22.
Bf1 Rb4 23. Ra1 Re7 24. Ra5 h5 25. Rea1 Ne4 26. Nxe4 Rexe4 27. Rxd5 Rxb3 28. Rd8+ Kh7 29. Bd3 Rxd3 30. Rxd3 Bf3 31. Rd4 Re7 32. Rf4 Bd5 33. h3 g5 34. Rf5 Be6 35. Rxg5 Kh6 36. h4 Rc7 37. Kg2 f6 38. Rga5 1-0

[Event "Early-Titled-Tuesday-Blitz-April-02-2024"]
[Site "Chess.com"]
[Date "2024.04.02"]
[Round "7"]
[White "TigrVShlyape"]
[Black "only_strong_moves"]
[Result "1-0"]
[WhiteElo "2915"]
[BlackElo "2742"]
[TimeControl "180+1"]
[EndTime "9:16:28 PDT"]
[Termination "TigrVShlyape won by resignation"]

1. d4 Nf6 2. Bf4 e6 3. e3 d5 4.
Nf3 c5 5. c3 Nc6 6. Nbd2 Nh5 7.
Bg5 f6 8. Bh4 g6 9. Bd3 cxd4 10.
cxd4 Bd6 11. a3 O-O 12. O-O Bd7 13. Rc1 Rc8 14. b4 Rc7 15. Nb3 b6 16. Qe2 a5 17.
bxa5 Nxa5 18. Nxa5 bxa5 19. Qa2 Kg7 20. a4 Rb7 21. g4 g5 22. gxh5 gxh4 23. Kh1 Be8 24.
Rg1+ Kh8 25. h6 f5 26. Ng5 Bh5 27. Be2 Bxe2 28. Qxe2 Qf6 29. Qa6 Rd7 30. Rc8 Rdd8 31. Qb7 Qg6 32. Qg7+ Qxg7 33. hxg7+ Kxg7 34. Nxe6+ 1-0

[Event "Early-Titled-Tuesday-Blitz-April-02-2024"]
[Site "Chess.com"]
[Date "2024.04.02"]
[Round "7"]
[White "arnash_bauyrzhan"]
[Black "Shuvalov"]
[Result "0-1"]
[WhiteElo "2348"]
[BlackElo "2588"]
[TimeControl "180+1"]
[EndTime "9:16:29 PDT"]
[Termination "Shuvalov won by resignation"]

1. e4 e6 2. d4 d5 3. Nd2 c5 4.
Ngf3 Nc6 5. exd5 exd5 6. Bb5 Qe7+ 7. Qe2 Qxe2+ 8. Kxe2 a6 9. Bxc6+ bxc6 10. dxc5 Bxc5 11. Nb3 Bd6 12. Re1 f6 13. Kf1+ Kf7 14. Be3 Bg4 15.
Nc5 Bxf3 16. gxf3 Ne7 17. Kg2 Nf5 18. Nd3 Nxe3+ 19. fxe3 Rhe8 20. e4 dxe4 21. Rxe4 Rxe4 22. fxe4 Re8 23. Re1 g5 24. c4 a5 25. c5 Bc7 26.
b4 Rd8 27. Re3 Rd4 28. bxa5 Bxa5 29. e5 Ra4 30. Re2 Ra3 31. e6+ Ke7 32. Nf2 f5 33. Nh3 h6 34. Ng1 g4 35. h3 h5 36. hxg4 hxg4 37. Re5 Rxa2+ 38. Kg3 Bc7 0-1

[Event "Early-Titled-Tuesday-Blitz-April-02-2024"]
[Site "Chess.com"]
[Date "2024.04.02"]
[Round "7"]
[White "Sanyura"]
[Black "MaxLeto"]
[Result "1-0"]
[WhiteElo "2611"]
[BlackElo "2461"]
[TimeControl "180+1"]
[EndTime "9:16:30 PDT"]
[Termination "Sanyura won by resignation"]

1. Nf3 h5 2. d4 h4 3. c4 h3 4. gxh3 d5 5. cxd5 Qxd5 6. Nc3 Qh5 7. Bf4 c6 8. e4 Nd7 9. h4 Ndf6 10. e5 Bg4 11.
Be2 Qf5 12. Be3 Nh5 13. d5 O-O-O 14. Nd4 Bxe2 15. Qxe2 Qxe5 16. dxc6 Rxd4 17. cxb7+ Kb8 18. Bxd4 Qxd4 19. Rd1 Qb6 20. Qc4 Kxb7 21. Rd7+ Kb8 22. Na4 Qa5+ 23. b4 Qe5+ 24. Kf1 Qa1+ 25. Kg2 Nf4+ 26.
Qxf4+ e5 27. Qc4 1-0

[Event "Early-Titled-Tuesday-Blitz-April-02-2024"]
[Site "Chess.com"]
[Date "2024.04.02"]
[Round "7"]
[White "NastyaHn"]
[Black "ninguno46"]
[Result "1-0"]
[WhiteElo "2465"]
[BlackElo "2566"]
[TimeControl "180+1"]
[EndTime "9:16:31 PDT"]
[Termination "NastyaHn won on time"]

1. Nc3 c5 2. Nf3 g6 3. d4 cxd4 4. Nxd4 Bg7 5. h4 h6 6. e4 Nc6 7. Be3 d6 8. f3 Nf6 9. Qd2 Bd7 10. O-O-O Qa5 11. Kb1 Rc8 12. g4 Ne5 13. Be2 Rxc3 14. Qxc3 Qxc3 15. bxc3 Ba4 16. g5 Nfd7 17. gxh6 Bxh6 18.
Bxh6 Rxh6 19. f4 Nc6 20. h5 gxh5 21. Bxh5 Kf8 22. Nf5 Rh7 23. Bg4 Rxh1 24. Rxh1 Kg8 25. Nh6+ Kf8 26. Bxd7 1-0

[Event "Early-Titled-Tuesday-Blitz-April-02-2024"]
[Site "Chess.com"]
[Date "2024.04.02"]
[Round "7"]
[White "Nf3c5"]
[Black "GnowReopard"]
[Result "1-0"]
[WhiteElo "2615"]
[BlackElo "2750"]
[TimeControl "180+1"]
[EndTime "9:16:32 PDT"]
[Termination "Nf3c5 won by resignation"]

1. e4 e6 2. d4 d5 3. Nd2 c5 4. exd5 Qxd5 5. Ngf3 cxd4 6. Bc4 Qd6 7. O-O Nc6 8. Nb3 Nf6 9. Qe2 a6 10. a4 Qc7 11. Rd1 Be7 12. Nbxd4 Nxd4 13. Rxd4 O-O 14.
Bf4 Qc5 15. Rad1 b5 16. axb5 axb5 17. Bxb5 Bb7 18. Bd3 Nd5 19. Be5 Bf6 20. Qe4 g6 21. Bxf6 Nxf6 22. Qxb7 Rfb8 23. Rc4 Rxb7 24. Rxc5 Rxb2 25.
h3 Ra7 26. Ne5 Kg7 27. Nc4 Rba2 28. Ne3 h5 29. g4 hxg4 30. hxg4 Nd7 31. Rb5 Rc7 32.
g5 Nc5 33. Kg2 Nxd3 34. Rxd3 Ra4 35. Kg3 Re4 36. c3 Ra7 37. Ng4 Ra1 38. Nf6 Rg1+ 39. Kf3 Rh4 40. Rd8 Rh3+ 41. Ke2 Rxg5 42. Rxg5 Kxf6 43.
Rg3 1-0

[Event "Early-Titled-Tuesday-Blitz-April-02-2024"]
[Site "Chess.com"]
[Date "2024.04.02"]
[Round "7"]
[White "Road2GM3000"]
[Black "jk13"]
[Result "0-1"]
[WhiteElo "2453"]
[BlackElo "2716"]
[TimeControl "180+1"]
[EndTime "9:16:33 PDT"]
[Termination "jk13 won on time"]

1. d4 Nf6 2. c4 e6 3. Nc3 Bb4 4.
Nf3 c5 5. g3 Bxc3+ 6. bxc3 Qa5 7. Qc2 b6 8. Bg2 Bb7 9. O-O Be4 10. Qb3 d6 11. Bf4 e5 12. dxe5 dxe5 13. Bxe5 Nbd7 14. Bd6 Qa6 15. Rad1 Qb7 16. Qb2 h6 17. Qd2 O-O-O 18. Qf4 g5 19. Qd2 Rhe8 20. Rfe1 Qc6 21. Rf1 Nf8 22.
Ne1 Bxg2 23. Nxg2 Ne4 24. Qc2 Rxd6 25. Ne3 Nd7 26. Nf5 Rf6 27. g4 h5 28. f3 Nd6 29.
Ng7 Re3 30. Nxh5 Rfe6 31. Rd2 Nxc4 0-1

[Event "Early-Titled-Tuesday-Blitz-April-02-2024"]
[Site "Chess.com"]
[Date "2024.04.02"]
[Round "7"]
[White "AsaHoffmann"]
[Black "NowInChess"]
[Result "1-0"]
[WhiteElo "2401"]
[BlackElo "2257"]
[TimeControl "180+1"]
[EndTime "9:16:33 PDT"]
[Termination "AsaHoffmann won on time"]

1. d4 Nf6 2. Bg5 e6 3. Nd2 h6 4.
Bh4 b6 5. e4 g5 6. Bg3 Bb7 7.
f3 Bg7 8. Bd3 Nh5 9. Ne2 d6 10.
Bf2 Nd7 11. c3 Qe7 12. g4 Nf4 13. Nxf4 gxf4 14. Qa4 c6 15. h4 a5 16. c4 O-O 17.
Qc2 e5 18. d5 Rac8 19. Qd1 Nc5 20. Qe2 Nxd3+ 21. Qxd3 Ba6 22. b3 b5 23. Rc1 bxc4 24.
Nxc4 cxd5 25. Qxd5 a4 26. O-O axb3 27. axb3 Rfd8 28.
Rfd1 Bf8 29. Ra1 Bxc4 30. bxc4 Qc7 31. Ra4 Qd7 32. Rb4 h5 33. g5 Qh3 34. Qd3 f6 35.
gxf6 Kh7 36. Qf1 Qe6 37. Qg2 1-0

[Event "Early-Titled-Tuesday-Blitz-April-02-2024"]
[Site "Chess.com"]
[Date "2024.04.02"]
[Round "7"]
[White "Savagelittlemole"]
[Black "sebsep"]
[Result "1-0"]
[WhiteElo "2534"]
[BlackElo "2600"]
[TimeControl "180+1"]
[EndTime "9:16:34 PDT"]
[Termination "Savagelittlemole won by resignation"]

1. e4 e5 2. Nf3 Nc6 3. Bb5 a6 4.
Bxc6 dxc6 5. O-O Qf6 6. h3 Bc5 7. d4 exd4 8. Nbd2 Ne7 9. Nb3 Bb6 10. Nbxd4 h6 11. Be3 O-O 12. Qd3 Ng6 13. c4 Rd8 14. e5 Nxe5 15. Nxe5 Qxe5 16. Nxc6 Rxd3 17. Nxe5 Rd8 18.
c5 Ba5 19. Nc4 b6 20. cxb6 cxb6 21. Bxb6 Bxb6 22. Nxb6 Rb8 23. Nxc8 Rdxc8 24. b3 Rc2 25. Rfc1 Rbc8 26. Rxc2 Rxc2 27. a3 Rb2 28. b4 Kf8 29.
Re1 f5 30. Re3 Kf7 31. g3 g5 32. Kg2 Kf6 33. Rc3 1-0

[Event "Early-Titled-Tuesday-Blitz-April-02-2024"]
[Site "Chess.com"]
[Date "2024.04.02"]
[Round "7"]
[White "Shiner22"]
[Black "robertoalejandro10"]
[Result "0-1"]
[WhiteElo "2309"]
[BlackElo "2485"]
[TimeControl "180+1"]
[EndTime "9:16:34 PDT"]
[Termination "robertoalejandro10 won by resignation"]

1. e4 c5 2. d4 cxd4 3. c3 d3 4. c4 Nc6 5. Nf3 g6 6. Bxd3 Bg7 7. O-O d6 8. Nc3 Bg4 9. h3 Bxf3 10. Qxf3 Nf6 11.
Be3 O-O 12. a3 Nd7 13. Rac1 Nde5 14. Qe2 Nxd3 15. Qxd3 Rc8 16. f4 Re8 17. b4 b6 18.
Kh1 Qd7 19. Ne2 Qb7 20. f5 Ne5 21. Qd5 Qxd5 22. cxd5 Nc4 23. Bd4 Nxa3 24. Bxg7 Kxg7 25. Ra1 Nb5 26. fxg6 hxg6 27. Rfc1 Rxc1+ 28. Rxc1 e6 29. Nf4 g5 30. Nh5+ Kg6 31. g4 exd5 32. Rf1 dxe4 33.
Rf6+ Kh7 34. Rf5 Re5 35. Rxf7+ Kg8 36. Rd7 Re6 37. Kg2 e3 38. Kf1 e2+ 39. Ke1 Nd4 40. Rd8+ Kf7 0-1